 Dungeon Sprint DCSS version 0.21-a0-460-g737a915 (webtiles) character file.

73 Kidiri the Skirmisher (level 4, -2/41 HPs)
             Began as a Draconian Transmuter on Nov 20, 2017.
             Was an Initiate of Wu Jian.
             Slain by a slime creature (9 damage)
             ... in the Dungeon (Sprint V: "Ziggurat Sprint").
             The game lasted 00:00:50 (105 turns).

Kidiri the Skirmisher (Draconian Transmuter)         Turns: 105, Time: 00:00:50

Health: -2/41      AC:  5    Str: 12    XL:     4   Next: 8%
Magic:  2/10       EV: 14    Int: 14    God:    Wu Jian [......]
Gold:   0          SH:  0    Dex: 12    Spells: 8/11 levels left

rFire    . . .     SeeInvis .     - Unarmed
rCold    . . .     Gourm    .   (no shield)
rNeg     . . .     Faith    .   (armour unavailable)
rPois    .         Spirit   .   (helmet restricted)
rElec    .         Reflect  .   (no cloak)
rCorr    .         Harm     .   (no gloves)
MR       .....     NoTele   +   (no boots)
Stlth    +.........             (no amulet)
HPRegen  0.13/turn              (no ring)
MPRegen  0.12/turn              (no ring)

@: very slightly contaminated
A: unfitting armour, cold-blooded, AC +5
a: Renounce Religion


You were in the Dungeon.
You worshipped Wu Jian.
Wu Jian was noncommittal.
You were not hungry.

You visited 1 branch

Inventory:

Missiles
 a - 1010 arrows
Jewellery
 x - a +6 ring of dexterity
 y - a +6 ring of dexterity
 z - a +6 ring of intelligence
 A - a +6 ring of intelligence
 B - a +6 ring of strength
 C - a +6 ring of strength
Wands
 D - a wand of disintegration (7)
 E - a wand of iceblast (5)
 F - a wand of lightning (5)
 G - a wand of acid (5)
Scrolls
 i - 4 scrolls of blinking
 p - 4 scrolls of amnesia
 q - 7 scrolls of fog
 r - a scroll of holy word
 s - 5 scrolls of identify
 t - 5 scrolls of remove curse
 u - 2 scrolls of fear
Potions
 d - 10 potions of curing
 e - 10 potions of heal wounds
 f - 6 potions of haste
 g - 7 potions of magic
 h - 3 potions of berserk rage
 j - 2 potions of brilliance
 k - 2 potions of invisibility
 l - 4 potions of resistance
 n - 5 potions of agility
 o - 5 potions of might
Books
 b - a book of Changes

   Spells                             Type                      Level
   a - Beastly Appendage              Transmutation                1
   b - Sticks to Snakes               Transmutation                2
   c - Spider Form                    Transmutation/Poison         3
   d - Ice Form                       Ice/Transmutation            4
   e - Blade Hands                    Transmutation                5
Comestibles
 c - 5 bread rations
 v - 42 fruits
 w - 4 meat rations


   Skills:
 * Level 4.9 Fighting
 * Level 4.4 Dodging
 + Level 4.3 Unarmed Combat
 * Level 4.4 Spellcasting
 + Level 3.6 Transmutations
 + Level 2.8 Evocations


You had 8 spell levels left.
You knew the following spells:

 Your Spells              Type           Power        Failure   Level  Hunger
a - Beastly Appendage     Tmut           ##....       4%          1    None
b - Sticks to Snakes      Tmut           ##......     6%          2    ##.....


Dungeon Overview and Level Annotations

Branches:
Dungeon (1/1)

Altars:
Ashenzari
Cheibriados
Dithmenos
Elyvilon
Fedhas
Gozag
Hepliaklqana
Kikubaaqudgha
Makhleb
Nemelex Xobeh
Okawaru
Qazlal
Ru
Sif Muna
Trog
Uskayaw
Vehumet
Wu Jian
Xom
Yredelemnul
Zin
The Shining One
Beogh
Jiyva
Lugonu

Annotations:
D 1 transporter


Innate Abilities, Weirdness & Mutations

Your plain brown scales are hard. (AC +5)
You cannot fit into any form of body armour.
You are cold-blooded and may be slowed by cold attacks.


Message History

You have reached level 4!
You feel clever.
Your ball python looks stronger.
You hit the slime creature.
The slime creature is lightly wounded.
The slime creature jiggles.
The slime creature hits you!
* * * LOW HITPOINT WARNING * * *
Your ball python bites the slime creature.
Unknown command.
You hit the slime creature. You punch the slime creature.
The slime creature is moderately wounded.
The slime creature misses you.
Your ball python bites the slime creature but does no damage.
Your ball python bites the slime creature.
You hit the slime creature.
The slime creature is moderately wounded.
Your ball python bites the slime creature.
The slime creature hits you!
You die...

▓▓▓▓▓▓▓
▓.8©8.▓
▓.....▓
▓.[.|.▓
▓.SJ..▓
▓.@S..▓
▓..©..▓
▓▓▓▓▓▓▓


You could see a slime creature and 2 friendly ball pythons.

Vanquished Creatures (collateral kills)
  A floating eye (D)
1 creature vanquished.

Notes
Turn   | Place    | Note
-------+----------+-------------------------------------------
     0 | D        | Found the +6 Majin-Bo {vamp, Archmagi MP+6 Int+6}
     0 | D        | Found the +7 great mace "Firestarter" {inner flame, rF++}
     0 | D        | Kidiri the Draconian Transmuter began the quest for the Orb.
     0 | D        | Reached XP level 1. HP: 16/16 MP: 3/3
     0 | D        | Found a deep blue altar of Sif Muna.
     0 | D        | Found a sacrificial altar of Ru.
     0 | D        | Found a bloodstained altar of Trog.
     0 | D        | Found a stormy altar of Qazlal.
     0 | D        | Found an iron altar of Okawaru.
     0 | D        | Found a sparkling altar of Nemelex Xobeh.
     0 | D        | Found a blossoming altar of Fedhas.
     2 | D        | Found a transporter.
     2 | D        | Found an ancient bone altar of Kikubaaqudgha.
     2 | D        | Found a viscous altar of Jiyva.
     2 | D        | Found a corrupted altar of Lugonu.
     2 | D        | Found a hazy altar of Hepliaklqana.
     2 | D        | Found a burning altar of Makhleb.
     2 | D        | Found an opulent altar of Gozag.
    19 | D        | Found the +9 heavy crossbow "Sniper" {velocity, Acc+∞ SInv}
    19 | D        | Found the +10 dark maul {crush}
    19 | D        | Found the +15 Maxwell's patent armour {-Cast -Tele rElec MR+ rCorr}
    19 | D        | Found the +18 shield of the Gong {rElec rN+ MR+ EV-5}
    19 | D        | Found the cursed +14 obsidian axe {chop, +Fly SInv *Curse}
    20 | D        | Found the +6 shillelagh "Devastator" {shatter}
    20 | D        | Found the +11 plutonium sword {*Contam Stlth-}
    20 | D        | Found the +8 lance "Wyrmbane" {slay drac, rPois rF+ rC+ AC+3}
    20 | D        | Found the +9 sword of Zonguldrok {reap}
    20 | D        | Found the cursed +13 scythe of Curses {drain, *Curse}
    20 | D        | Found the +0 sword of Power
    20 | D        | Found the +12 mace of Variability {chaos}
    20 | D        | Found the +7 Singing Sword
    20 | D        | Found the +7 longbow "Piercer" {penet, EV-2}
    48 | D        | Became a worshipper of the Wu Jian Council
    65 | D        | Reached XP level 2. HP: 27/27 MP: 3/6
    69 | D        | Learned a level 2 spell: Sticks to Snakes
    98 | D        | Entered arena 2.
    98 | D        | Noticed a floating eye
    98 | D        | Noticed a slime creature
    98 | D        | Found a transporter.
   102 | D        | Killed a floating eye
   102 | D        | Reached XP level 3. HP: 19/35 MP: 1/8
   102 | D        | Reached XP level 4. HP: 22/41 MP: 1/10
   105 | D        | Slain by a slime creature

Vault maps used:
D:        sprint_v

Skill      XL: |  1  2 |
---------------+-------+-----
Fighting       | 3 4 |  4.9
Dodging        | 3 4 |  4.4
Spellcasting   | 3 4 |  4.4
Transmutations | 3 |  3.6
Evocations     | 2 |  2.8
Unarmed Combat | 4 |  4.3

Action                   |  1- 3 |  4- 6 || total
-------------------------+-------+-------++-------
Melee: Unarmed           |     3 |     3 ||     6
       Punch             |       |     1 ||     1
 Cast: Sticks to Snakes  |     2 |       ||     2
  Use: Potion            |     1 |       ||     1
Dodge: Dodged            |       |     1 ||     1

Table legend:
 A = Spawn XP
 B = Non-spawn XP
 C = Spawn XP percentage of total XP
 D = Spawn monster count
 E = Non-spawn monster count
 F = Spawn count percentage of total count
 G = Total turns spent on level
                    A         B        C        D         E        F      G
               +---------+---------+-------+---------+---------+-------+---------
         Total |       0 |      93 |   0.0 |       0 |       1 |   0.0 |   105
               +---------+---------+-------+---------+---------+-------+---------
             D |       0 |      93 |   0.0 |       0 |       1 |   0.0 |   105
               +---------+---------+-------+---------+---------+-------+---------
